 Dungeon Crawl Stone Soup version 0.27-a0-1217-g8a41f320e8 (webtiles) character file.

Game seed: 2667996997464904525

3122 jasper the Nimble (level 9, 0/72 HPs)
             Began as a Merfolk Transmuter on June 5, 2021.
             Was a Follower of Cheibriados.
             Slain by Harold
             ... wielding a +2 short sword of venom
              (17 damage)
             ... on level 8 of the Dungeon.
             The game lasted 00:13:44 (8924 turns).

jasper the Nimble (Merfolk Transmuter)              Turns: 8924, Time: 00:13:44

Health: 0/72       AC:  2    Str: 13    XL:     9   Next: 91%
Magic:  6/12       EV: 29    Int: 19    God:    Cheibriados [*.....]
Gold:   233        SH:  0    Dex: 22    Spells: 3/12 levels left

rFire    . . .     SeeInvis .     - Unarmed
rCold    . . .     Faith    .   (shield currently unavailable)
rNeg     . . .     Spirit   .   (armour currently unavailable)
rPois    x         Reflect  .   (helmet currently unavailable)
rElec    .         Harm     .   (cloak currently unavailable)
rCorr    .         Rampage  .   (gloves currently unavailable)
Will     .....                  (boots currently unavailable)
Stlth    ++........             x - amulet of regeneration
HPRegen  1.22/turn              t - ring of wizardry
MPRegen  0.13/turn              (no ring)

@: lethally poisoned (0 -> -22), spider-form, wereblooded, very slow
A: venomous fangs, tiny, (nimble swimmer 2), (mertail)
a: End Transformation, Renounce Religion, Bend Time


You were on level 8 of the Dungeon.
You worshipped Cheibriados.
Cheibriados was aware of your devotion.
You were a venomous arachnid creature.
You visited 2 branches of the dungeon, and saw 9 of its levels.

You collected 383 gold pieces.
You spent 150 gold pieces at shops.

Inventory:

Hand Weapons
 c - a +0 hunting sling
Missiles
 e - 101 stones (quivered)
 g - 76 sling bullets
 o - 6 atropa-tipped darts
 v - 8 silver javelins
Armour
 a - a +0 robe
 i - +0 acid dragon scales
 p - a +1 cloak (melded)
 q - a +2 robe of resistance (melded)
Jewellery
 t - a ring of wizardry (left front leg)
 x - an amulet of regeneration (around neck)
 y - an amulet of guardian spirit
 C - an amulet of magic regeneration
Wands
 s - a wand of flame (12)
 B - a wand of acid (8)
 E - a wand of iceblast (5)
Scrolls
 j - a scroll of immolation
 k - a scroll of blinking
 l - a scroll of magic mapping
 m - 2 scrolls of fog
 u - 2 scrolls of identify
 w - a scroll of teleportation
 A - a scroll of fear {unknown}
 D - a scroll of vulnerability {unknown}
Potions
 b - 3 potions of brilliance
 d - 3 potions of cancellation
 f - 4 potions of curing
 h - a potion of flight {unknown}
 n - a potion of heal wounds
 r - a potion of berserk rage
 z - 2 potions of attraction {unknown}


   Skills:
 + Level 7.5 Fighting
 + Level 9.3 Dodging
 + Level 8.6 Unarmed Combat
 - Level 2.0 Spellcasting
 - Level 7.4 Transmutations
 - Level 3.0 Poison Magic


You had 3 spell levels left.
You knew the following spells:

 Your Spells              Type           Power      Damage    Failure   Level
a - Passwall              Tmut/Erth      13%        N/A       6%          2
b - Wereblood             Tmut           30%        N/A       2%          2
c - Spider Form           Tmut/Pois      10%        N/A       7%          3
d - Blink                 Tloc           N/A        N/A       21%         2

Your spell library contained the following spells:

 Spells                   Type           Power      Damage    Failure   Level
 Beastly Appendage        Tmut           60%        N/A       1%          1
 Magic Dart               Conj           4%         1d3       16%         1
 Sandblast                Erth           2%         2d4       16%         1
 Call Imp                 Summ           1%         N/A       21%         2
 Slow                     Hex            1%         N/A       21%         2
 Mephitic Cloud           Conj/Pois/Air  5%         N/A       26%         3
 Conjure Flame            Conj/Fire      1%         6-21      34%         3
 Stone Arrow              Conj/Erth      2%         3d7       34%         3
 Hydra Form               Tmut           15%        N/A       19%         5
 Ice Form                 Ice/Tmut       16%        N/A       28%         4
 Petrify                  Tmut/Erth      16%        N/A       28%         4
 Lee's Rapid Deconstruct  Erth           0%         3d5*      93%         5


Dungeon Overview and Level Annotations

Branches:
Dungeon (8/15)             Temple (1/1) D:6
   Lair: D:8-11

Altars:
Ashenzari
Cheibriados
Elyvilon
Gozag
Kikubaaqudgha
Makhleb
Okawaru
Qazlal
Ru
Sif Muna
Trog
Vehumet
Xom
The Shining One
Beogh

Shops:
D:4 ?

Annotations:
D:3 1 runed translucent door, streetpizza's ghost, amateur FoAK
D:4 4 runed translucent doors, Crazy Yiuf; iNFECTIOUSiTCH's ghost, novice OpBe
D:8 Harold


Innate Abilities, Weirdness & Mutations

You are a venomous arachnid creature.
You have poisonous fangs.
You are tiny and dextrous.
Your spellcasting is less reliable in this form.
Your armour is entirely melded.
You are incapable of wielding weapons or throwing items.
((You are quick and stealthy near water. (Stealth+, EV+, Speed+++)))
((Your lower body shifts to a powerful aquatic tail in water.))


Message History

You take 1 damage, and have 64/72 hp.
You now have 8/12 mp.
Casting: Wereblood (safe; 1% risk of failure)
Confirm with . or Enter, or press ? or * to list all spells.
You turn into a venomous arachnid creature.
Your +1 cloak melds into your body.
Your +2 robe of resistance melds into your body.
You feel hot and cold all over.
You feel sick.
Harold hits you with a +2 short sword of venom!
You are more poisoned.
You take 10 damage, and have 54/72 hp.
You now have 5/12 mp.
You hit Harold.
Harold is lightly wounded.
You feel very sick.
Harold hits you with a +2 short sword of venom!
You take 18 damage, and have 36/72 hp.
MASSIVE DAMAGE!!
You hit Harold but do no damage.
Harold is lightly wounded.
You feel very sick. Harold closely misses you.
You take 2 damage, and have 34/72 hp.
You hit Harold.
Harold is poisoned.
Harold is lightly wounded.
You feel sick.
You take 1 damage, and have 33/72 hp.
You hit Harold but do no damage.
Harold is lightly wounded.
You feel sick. Harold completely misses you.
You hit Harold.
Harold looks as sick as possible!
Harold is lightly wounded.
You feel sick.
Harold hits you with a +2 short sword of venom!
* * * LOW HITPOINT WARNING * * *
You are lethally poisoned!
You take 12 damage, and have 21/72 hp.
You bite Harold!
Harold looks as sick as possible!
Harold is moderately wounded.
* * * LOW HITPOINT WARNING * * *
You feel very sick.
Harold hits you with a +2 short sword of venom!
You die...

### ##.# #.####<.###
###...#.....#
##..........######
#...###......#...#
#..##............##
#......[..........##
#...@...............
#...#s.....†........
#))##.....<.........
#))............#....
.........#.##.#...(..#
...
..............#.....##
##
....@................#
.......#####...........
....... ..##........
....... ..##........


You could see Harold (extremely poisoned).

Vanquished Creatures
  Pikel (D:7)
  Maggie (D:7)
  Sigmund (D:6)
  Menkaure (D:6)
  A water moccasin (D:7)
  Duvessa (D:7)
  2 sky beasts
  A black bear (D:7)
  3 necrophages
  2 ogres
  A lemure (D:7)
  3 bullfrogs
  Blork the orc (D:6)
  A wyvern zombie (D:5)
  A scorpion (D:4)
  Dowan (D:7)
  3 jellies
  3 centaur zombies
  3 hounds
  An orc priest (D:8)
  A gnoll shaman (D:6)
  Jessica (D:2)
  4 iguanas
  3 orc wizards
  Natasha (twice) (D:2)
  A hound skeleton (D:4)
  4 adders
  4 gnolls (D:6)
  2 shadow imps
  A white imp (D:4)
  An ufetubus (D:4)
  9 orcs
  6 ball pythons
  2 bats
  6 endoplasms
  4 giant cockroaches
  5 goblins
  12 hobgoblins
  2 jackals (D:3)
  10 kobolds
  9 quokkas
  2 frilled lizards
  6 rats
129 creatures vanquished.

Vanquished Creatures (others)
  2 orcs (D:8)
2 creatures vanquished.

Grand Total: 131 creatures vanquished

Notes
Turn   | Place    | Note
-------+----------+-------------------------------------------
     0 | D:1      | jasper the Merfolk Transmuter began the quest for the Orb.
     0 | D:1      | Reached XP level 1. HP: 15/15 MP: 3/3
   401 | D:1      | Reached XP level 2. HP: 21/21 MP: 3/5
   404 | D:1      | Learned a level 2 spell: Wereblood
   511 | D:1      | Found a faded altar of an unknown god.
   528 | D:1      | Reached skill level 3 in Dodging
  1145 | D:1      | Reached XP level 3. HP: 27/27 MP: 4/6
  1662 | D:2      | Noticed Jessica
  1672 | D:2      | Killed Jessica
  1673 | D:2      | Reached XP level 4. HP: 23/33 MP: 5/7
  1803 | D:2      | Learned a level 3 spell: Spider Form
  2096 | D:2      | Noticed Natasha
  2105 | D:2      | Killed Natasha
  2152 | D:2      | Noticed Natasha
  2168 | D:2      | Killed Natasha
  2169 | D:2      | Reached XP level 5. HP: 20/39 MP: 8/8
  2217 | D:2      | Learned a level 2 spell: Blink
  2947 | D:3      | Found a sacrificial altar of Ru.
  2992 | D:3      | Reached skill level 5 in Transmutations
  3211 | D:3      | Found a runed translucent door.
  3211 | D:3      | Noticed streetpizza's ghost (amateur FoAK)
  3584 | D:3      | Reached skill level 1 in Poison Magic
  3584 | D:3      | Reached XP level 6. HP: 44/46 MP: 6/9
  3818 | D:4      | Found Xurchi's Magic Scroll Emporium.
  3877 | D:4      | Bought a scroll of blinking for 75 gold pieces
  3877 | D:4      | Bought a scroll of identify for 20 gold pieces
  3877 | D:4      | Bought a scroll of magic mapping for 35 gold pieces
  3877 | D:4      | Bought a scroll of fog for 20 gold pieces
  3902 | D:4      | Found a runed translucent gate.
  3903 | D:4      | Found a runed translucent gate.
  3904 | D:4      | Found a runed translucent gate.
  4489 | D:4      | Reached XP level 7. HP: 42/51 MP: 7/10
  4970 | D:4      | Found a runed translucent door.
  4971 | D:4      | Noticed Crazy Yiuf
  5465 | D:4      | Noticed iNFECTIOUSiTCH's ghost (novice OpBe)
  5467 | D:4      | Identified the +1 leather armour of Ozuplatuph {Str+4
                  | Dex+2}
  5591 | D:4      | Learned a level 2 spell: Passwall
  5638 | D:5      | Entered Level 5 of the Dungeon
  5814 | D:5      | Noticed a wraith
  6037 | D:5      | Reached skill level 4 in Dodging
  6303 | D:6      | Noticed Blork the orc
  6310 | D:6      | Killed Blork the orc
  6311 | D:6      | Reached skill level 5 in Unarmed Combat
  6597 | D:6      | Found a staircase to the Ecumenical Temple.
  6598 | D:6      | Noticed Sigmund
  6612 | D:6      | Killed Sigmund
  6613 | D:6      | Reached skill level 5 in Dodging
  6613 | D:6      | Reached XP level 8. HP: 29/60 MP: 5/11
  6615 | Temple   | Entered the Ecumenical Temple
  6781 | Temple   | Became a worshipper of Cheibriados the Contemplative
  7292 | D:6      | Noticed Menkaure
  7301 | D:6      | Killed Menkaure
  7302 | D:6      | Reached skill level 6 in Dodging
  7646 | D:6      | Reached skill level 5 in Fighting
  7944 | D:7      | Reached skill level 7 in Dodging
  8079 | D:7      | Noticed Pikel
  8082 | D:7      | Reached XP level 9. HP: 63/69 MP: 9/12
  8096 | D:7      | Killed Pikel
  8097 | D:7      | Reached skill level 8 in Dodging
  8109 | D:7      | Reached * piety under Cheibriados
  8278 | D:7      | Noticed Maggie
  8298 | D:7      | Killed Maggie
  8456 | D:7      | Noticed Duvessa
  8464 | D:7      | Killed Duvessa
  8467 | D:7      | Noticed Dowan
  8486 | D:7      | Killed Dowan
  8634 | D:7      | Reached skill level 9 in Dodging
  8907 | D:8      | Noticed Harold
  8924 | D:8      | Slain by Harold

Illustrated notes

Levels and vault maps discovered:
D:1:      nzn_arrival_crosshair, layout_basic, ebering_ecumenical_altar_rust
D:2:      layout_basic, uniq_jessica, uniq_natasha
D:3:      layout_rooms, nicolae_ru_great_annihilating_truth,
          hellmonk_ghost_happy_afterlife
D:4:      minmay_general_purpose_star, layout_layer_cave, serial_shops,
          nicolae_shop_window_shopping, biasface_ghost_orc_armoury,
          uniq_crazy_yiuf_cottage
D:5:      layout_cave_pools, portal_sewer_entry_b
D:6:      layout_loops_corners, minmay_temple_entry_nine_rooms,
          uniq_blork_the_orc, uniq_menkaure, uniq_sigmund
D:7:      layout_loops_ring, solitary_fountain, uniq_maggie, uniq_duvessa,
          uniq_pikel
D:8:      layout_cave_pools, serial_column_ruins, column_ruins_hut,
          column_ruins_columns_straight, column_ruins_columns_water,
          column_ruins_columns_water, column_ruins_open_medium, uniq_harold,
          uniq_prince_ribbit1
Temple:   compressed_dpeg_triangle_lava_temple

Skill      XL: |  1  2  3  4  5  6  7  8  9 |
---------------+----------------------------+-----
Dodging        | 3 5 7 9 |  9.3
Transmutations | 3 5 6 7 |  7.4
Fighting       | 2 3 5 7 |  7.5
Unarmed Combat | 4 5 7 8 |  8.6
Poison Magic   | 1 3 |  3.0
Spellcasting   | |  2.0

Action                   |  1- 3 |  4- 6 |  7- 9 || total
-------------------------+-------+-------+-------++-------
Melee: Unarmed           |    88 |   166 |   258 ||   512
       Headbutt          |     9 |     9 |       ||    18
       Punch             |     2 |     1 |     4 ||     7
 Fire: Hunting sling     |       |    29 |       ||    29
Throw: Stone             |     1 |    42 |    25 ||    68
 Cast: Beastly Appendage |    22 |     7 |       ||    29
       Spider Form       |       |    11 |    24 ||    35
       Wereblood         |       |       |     5 ||     5
Evoke: Wand              |       |       |    16 ||    16
  Use: Scroll            |     1 |     3 |     7 ||    11
       Potion            |       |     2 |     1 ||     3
 Stab: Sleeping          |     2 |       |     1 ||     3
       Invisible         |       |     2 |       ||     2
Armor: Robe              |     7 |    16 |    24 ||    47
       Skin              |       |     2 |    16 ||    18
Dodge: Dodged            |    41 |   101 |   221 ||   363

Table legend: (Time is in decaauts)
 A = Elapsed time spent in this place.
 B = Non-inter-level travel time spent in this place.
 C = Inter-level travel time spent in this place.
 D = Time resting spent in this place.
 E = Time spent auto-exploring this place.
 F = Levels seen in this place.
 G = Mean time per level.
                   A        B        C        D        E       F      G
               +--------+--------+--------+--------+--------+-----+--------+
         Total |   9366 |   9018 |    348 |    928 |   6634 |   9 | 1040.7 |
       Dungeon |   9183 |   8851 |    332 |    928 |   6483 |   8 | 1147.9 |
        Temple |    183 |    168 |     15 |      0 |    151 |   1 |  183.0 |
               +--------+--------+--------+--------+--------+-----+--------+

Top non-repeatable levels by time:
     D:4: 2410 daAuts
     D:6: 1686 daAuts
     D:1: 1599 daAuts
     D:3: 1220 daAuts
     D:7: 1116 daAuts
     D:2: 934 daAuts
  Temple: 183 daAuts
     D:5: 124 daAuts
     D:8: 90 daAuts
